 Dungeon Crawl Stone Soup version 0.31-a0-435-g2c6fae2916 (webtiles) character file.

Game seed: 1778832936043312969

117 Grim the Ruffian (level 5, -9/45 HPs)
             Began as a Ghoul Monk on Aug 1, 2023.
             Killed by divine providence
             ... invoked by an orc priest
              (16 damage)
             ... on level 4 of the Dungeon.
             The game lasted 00:01:50 (1877 turns).

Grim the Ruffian (Ghoul Monk)                       Turns: 1877, Time: 00:01:52

Health: -9/45      AC:  6    Str: 15    XL:     5   Next: 1%
Magic:  4/4        EV: 12    Int:  5    God:
Gold:   124        SH:  0    Dex: 13    Spells: 4/4 levels left

rFire   . .          .
                       - Unarmed
rCold   + . .        c - orb {light}
rNeg    + + +        a - +0 robe
rPois   ∞            (no helmet)
rElec   .            (no cloak)
rCorr   .            (no gloves)
SInv    .            (no boots)
Will    .....        (no amulet)
Stlth   +            m - +4 ring of protection
HPRegen 0.00/turn    (no ring)
MPRegen 0.09/turn

%: no passive effects
@: inhibited regen, glowing
A: claws 1, cold resistance 1, negative energy resistance 3, inhibited
regeneration, torment resistance 2, devour on kill
a: no special abilities


You were on level 4 of the Dungeon.
You visited 1 branch of the dungeon, and saw 4 of its levels.

You collected 124 gold pieces.

Inventory:

Armour
 a - a +0 robe (worn)
 c - an orb of light (worn)
Jewellery
 m - a +4 ring of protection (left claw)
Scrolls
 d - a scroll of immolation {unknown}
 f - a scroll of silence {unknown}
 h - a scroll of enchant weapon {unknown}
 i - 4 scrolls of identify {unknown}
 j - 2 scrolls of revelation {unknown}
 n - a scroll of fear {unknown}
 o - a scroll of vulnerability {unknown}
Potions
 b - a potion of ambrosia
 e - a potion of brilliance {unknown}
 g - 2 potions of curing {unknown}
 k - a potion of mutation {unknown}
 l - a potion of haste {unknown}


   Skills:
 - Level 3.2 Fighting
 - Level 2.6 Dodging
 + Level 6.1 Unarmed Combat


You had 4 spell levels left.
You didn't know any spells.
Your spell library contained the following spells:

 Spells                   Type           Power      Damage    Failure   Level
 Apportation              Tloc           0%         N/A       47%         1
 Animate Dead             Necr           0%         N/A       99%         4
 Alistair's Intoxication  Tmut/Pois      0%         N/A       100%        5
 Borgnjor's Vile Clutch   Necr/Erth      0%         N/A       100%        5
 Death Channel            Necr           0%         N/A       100%        6


Dungeon Overview and Level Annotations

Branches:
Dungeon (4/15)
 Temple: D:4-7

Altars:
Ru
Uskayaw


Innate Abilities, Weirdness & Mutations

You are immune to poison.
You have sharp fingernails.
Your flesh is cold resistant. (rC+)
You are immune to negative energy. (rN+++)
You do not regenerate when monsters are visible.
You are immune to unholy pain and torment.
You thrive by killing the living.


Message History

* * * LOW HITPOINT WARNING * * *
You bump into the rock wall.
The orc wizard barely misses you. The orc barely misses you.
You scratch the orc but do no damage.
You feel less confused.
The orc wizard hits you with a +0 dagger.
* * * LOW HITPOINT WARNING * * *
The orc hits you with a +0 flail.
* * * LOW HITPOINT WARNING * * *
You claw the orc wizard!
You kill the orc wizard!
Your Unarmed Combat skill increases to level 6!
You have reached level 5!
You feel stronger.
You scratch the orc priest but do no damage.
The orc barely misses you.
The orc priest hits you but does no damage.
You scratch the orc priest.
The orc priest is moderately wounded.
The orc priest barely misses you. The orc hits you but does no damage.
You completely miss the orc priest.
The orc priest is moderately wounded.
The orc hits you with a +0 flail.
* * * LOW HITPOINT WARNING * * *
The orc priest begins to cast a cantrip, but forgets the words!
You scratch the orc priest.
The orc priest is moderately wounded.
The orc barely misses you.
The orc priest casts a cantrip, but nothing happens.
You scratch the orc priest.
The orc priest is heavily wounded.
The orc misses you.
The orc priest begins to cast a cantrip, but forgets the words!
You claw the orc priest!
The orc priest is almost dead.
The orc hits you with a +0 flail!
* * * LOW HITPOINT WARNING * * *
The orc priest invokes the aid of Beogh against you.
Beogh smites you!
You die...

#...........# #..##.#.#
............# #..##.#.#
#...........###.......#
............#.......###
#.###.......#.#####.#
#. #.......# ####.# #.
######### #....# #
#.##.# #.##@##.#
#..o)o..# ####)#### #)#
..# ####


You could see an orc priest and an orc.

Vanquished Creatures
  3 orc wizards (D:4)
  An adder (D:3)
  A worm (D:2)
  A dart slug (D:2)
  2 ball pythons
  2 endoplasms
  3 giant cockroaches (D:2)
  2 goblins
  4 hobgoblins
  2 bats
  3 frilled lizards
  5 kobolds
  4 rats
33 creatures vanquished.

Notes
Turn   | Place    | Note
-------+----------+-------------------------------------------
     0 | D:1      | Grim the Ghoul Monk began the quest for the Orb.
     0 | D:1      | Reached XP level 1. HP: 19/19 MP: 0/0
   409 | D:2      | Reached XP level 2. HP: 26/26 MP: 1/1
   424 | D:2      | Reached skill level 4 in Unarmed Combat
   433 | D:2      | Found a faded altar of an unknown god.
   732 | D:2      | Found a hide-covered altar of Uskayaw.
   928 | D:2      | Reached XP level 3. HP: 31/31 MP: 2/2
  1667 | D:3      | Found a sacrificial altar of Ru.
  1859 | D:4      | Reached skill level 5 in Unarmed Combat
  1859 | D:4      | Reached XP level 4. HP: 38/38 MP: 3/3
  1872 | D:4      | Reached skill level 6 in Unarmed Combat
  1872 | D:4      | Reached XP level 5. HP: 19/45 MP: 4/4
  1877 | D:4      | Killed from afar by an orc priest

Illustrated notes

Levels and vault maps discovered:
D:1:      grunt_arrival_lava_bath, layout_rooms, serial_bayou_pond_a
D:2:      layout_loops_cross, basic_altar, basic_ecumenical_altar
D:3:      layout_basic, nicolae_ru_the_path_less_chosen, chequers_big_river
D:4:      layout_loops_cross, lemuel_doored_altar

Skill      XL: |  1  2  3  4 |
---------------+-------------+-----
Unarmed Combat | 4 5 6 |  6.1
Fighting       | |  3.2
Dodging        | |  2.6

Action                     |  1- 3 |  4- 6 || total
---------------------------+-------+-------++-------
  Melee: Unarmed           |    66 |    14 ||    80
 Armour: Robe              |    17 |     5 ||    22
  Dodge: Dodged            |    43 |     7 ||    50

Table legend: (Time is in decaauts)
 A = Elapsed time spent in this place.
 B = Non-inter-level travel time spent in this place.
 C = Inter-level travel time spent in this place.
 D = Time resting spent in this place.
 E = Time spent auto-exploring this place.
 F = Levels seen in this place.
 G = Mean time per level.
                   A        B        C        D        E       F      G
               +--------+--------+--------+--------+--------+-----+--------+
         Total |   1881 |   1795 |     86 |     21 |   1565 |   4 |  470.2 |
       Dungeon |   1881 |   1795 |     86 |     21 |   1565 |   4 |  470.2 |
               +--------+--------+--------+--------+--------+-----+--------+

Top non-repeatable levels by time:
     D:3: 721 daAuts
     D:2: 697 daAuts
     D:1: 401 daAuts
     D:4: 61 daAuts
